 Dungeon Crawl Stone Soup version 0.32-a0-675-gdc239d62e1 (webtiles) character file.

Game seed: 3640052446819219108

16 ytrimaz the Twirler (level 2, 0/23 HPs)
             Began as a Coglin Gladiator on Mar 11, 2024.
             Constricted to death by a ball python (1 damage)
             ... on level 2 of the Dungeon on Mar 12, 2024.
             The game lasted 00:02:10 (805 turns).

ytrimaz the Twirler (Coglin Gladiator)               Turns: 805, Time: 00:02:11

Health: 0/23       AC:  4    Str: 14    XL:     2   Next: 54%
Magic:  2/2        EV:  2    Int:  7    God:
Gold:   31         SH:  0    Dex: 15    Spells: 1/1 levels left

rFire   . . .        a - +0 quarterstaff {Prani}
rCold   . . .        (shield currently unavailable)
rNeg    . . .        b - +0 leather armour
rPois   .            c - +0 helmet
rElec   .            (no cloak)
rCorr   .            (no gloves)
SInv    .            (no boots)
Will    .....        (amulet unavailable)
Stlth   +            (ring unavailable)
HPRegen 0.23/turn    (ring unavailable)
MPRegen 0.08/turn    (no gizmo)

%: no passive effects
@: constricted, revved
A: off-hand wielding, slow wielding, warmup strikes, no jewellery
a: Invent Gizmo


You were on level 2 of the Dungeon.
You visited 1 branch of the dungeon, and saw 2 of its levels.

You collected 31 gold pieces.


Innate Abilities, Weirdness & Mutations

You can wield a second weapon in your off-hand.
It takes a long time for you to wield or remove held weapons.
Your first few attacks do less damage.
You cannot equip rings or amulets.


   Skills:
 + Level 2.3 Fighting
 + Level 3.0 Staves
 - Level 1.7 Throwing
 + Level 3.0 Dodging


You had one spell level left.
You didn't know any spells.
Your spell library contained the following spells:

 Spells                   Type           Power      Damage    Failure   Level
 Magic Dart               Conj           0%         1d3       52%         1
 Blink                    Tloc           0%         N/A       65%         2
 Call Imp                 Summ           0%         N/A       65%         2

Inventory:

Hand Weapons
 a - a +0 quarterstaff (weapon) {Prani}
Missiles
 d - 3 throwing nets (quivered)
 e - a javelin
Armour
 b - a +0 leather armour (worn)
 c - a +0 helmet (worn)
Scrolls
 g - a scroll of immolation {unknown}
 h - a scroll of brand weapon {unknown}
 i - a scroll of teleportation {unknown}
 k - a scroll of identify {unknown}
Potions
 f - a potion of brilliance {unknown}
 j - a potion of mutation {unknown}

Dungeon Overview and Level Annotations

Branches:
Dungeon (2/15) Zot: 11184

Altars:

### #..
# #.#
#.#.# #
#.#.##.#
#..wS..#
#@# #.#
#<# #.#
#.# #.#
..# ..#
...


You could see a ribbon worm and a ball python.


Message History

Key pressed, stopping explore.
Key pressed, stopping explore.
There is a stone staircase leading down here.
You see here an amulet of regeneration.
A bat comes into view.
You sock the bat!
You kill the bat! 😎 HP[+1]
You now have 23 max hp (+1).
Your hp is fully restored (23).
You see here a bat corpse.
You enter the shallow water.
Moving in this stuff is going to be slow.
You enter the shallow water.
Moving in this stuff is going to be slow.
Key pressed, stopping explore.
A frilled lizard comes into view.
The frilled lizard hisses angrily.
A rat comes into view.
You hit the frilled lizard.
You kill the frilled lizard!
Your Dodging skill increases to level 3!
The rat misses you.
You barely miss the rat. The rat bites you but does no damage.
You hit the rat.
You kill the rat!
Found a stone staircase leading down.
You now have 31 gold pieces (gained 5).
Done exploring.
Done exploring.
Done exploring.
You see here a ring of resist corrosion.
You open the door.
There is an open door here.
There is a stone staircase leading down here.
You climb downwards.
There is a stone staircase leading up here.
A ribbon worm is nearby! 🤖 Initializing magus.rc ...
Options error: Delay interrupt name "hungry" not recognised. (ytrimaz.rc:4375) Bad monster_list_colour key: strict_neutral Options error: Unknown color in colour mapping: 'purle:scroll.*immolation' Bad channel name 'pray' for runrest: 'pray:' Options error: Missing colour in message_colour setting: 'that.*feels deathly cold' Options error: Missing colour in message_colour setting: 'and you must be Full or above to equip it' Options error: Missing colour in message_colour setting: 'but rights himself reflexively soon after' Options error: Missing colour in message_colour setting: 'before it is too late' ✅ Successfully initialized magus.rc [v1.9.6] Welcome back, ytrimaz the Coglin Gladiator.
Press ? for a list of commands and other information.
A ball python comes into view.
The ribbon worm expels a string of sticky webbing.
The stream of webbing hits you but does no damage.
You are caught in a web!
There is a web here.
You struggle to detach yourself from the web.
The ball python hisses angrily.
The ribbon worm barely misses you.
Unknown command.
The web tears apart.
The ribbon worm closely misses you.
The ball python bites you but does no damage.
The ball python grabs you.
The ball python constricts you. 😕 HP[-1]
You take 1 damage, and now have 22/23 hp.
You barely miss the ribbon worm. The ball python bites you.
The ball python constricts you.
The ribbon worm expels a string of sticky webbing.
The stream of webbing hits you but does no damage.
You are caught in a web! 😕 HP[-1]
You take 1 damage, and now have 21/23 hp.
The web tears apart.
The ball python bites you but does no damage.
The ball python constricts you. 😕 HP[-2]
You take 2 damage, and now have 19/23 hp.
You hit the ribbon worm but do no damage.
The ball python bites you but does no damage.
The ball python constricts you. The ribbon worm bites you.
You thump the ribbon worm!
The ball python bites you but does no damage.
The ball python constricts you. The ribbon worm bites you.
The ball python bites you. The ball python constricts you.
* * * LOW HITPOINT WARNING * * *
😨 HP[-9]
You take 9 damage, and now have 10/23 hp.
MASSIVE DAMAGE!! (PAUSE)
You hit the ribbon worm. The ribbon worm bites you.
* * * LOW HITPOINT WARNING * * *
The ball python bites you but does no damage.
The ball python constricts you. 😨 HP[-4]
You take 4 damage, and now have 6/23 hp.
You completely miss the ribbon worm.
The ball python bites you but does no damage.
The ball python constricts you. The ribbon worm bites you.
* * * LOW HITPOINT WARNING * * *
The ball python bites you but does no damage.
The ball python constricts you.
You die...

Skill      XL: |  1  2 |
---------------+-------+-----
Staves         | 3 |  3.0
Dodging        | 3 |  3.0
Fighting       | |  2.3
Throwing       | |  1.7

Action                     || total
---------------------------++-------
  Melee: Quarterstaff      ||    35
   Stab: Sleeping          ||     1
 Armour: Leather armour    ||    37
  Dodge: Dodged            ||    22

Levels and vault maps discovered:
D:1:      psy_arrival_conway, layout_basic
D:2:      layout_loops_corners, serial_shops, shop,
          dilly_ecumenical_altar_fadedgnrine

Notes
Turn   | Place    | Note
-------+----------+-------------------------------------------
     0 | D:1      | ytrimaz the Coglin Gladiator began the quest for the Orb.
     0 | D:1      | Reached XP level 1. HP: 16/16 MP: 1/1
     0 | D:1      | magus.rc [v1.9.6]
   165 | D:1      | Reached XP level 2. HP: 22/22 MP: 2/2
   418 | D:1      | You pick up a book of Minor Magic and begin reading...
   418 | D:1      | You add the spells Magic Dart, Blink and Call Imp to your
                  | library.
   496 | D:1      | Reached skill level 3 in Staves
   760 | D:1      | Reached skill level 3 in Dodging
   796 | D:2      | magus.rc [v1.9.6]
   805 | D:2      | HP: 1/23 [ribbon worm (5)]
   805 | D:2      | Constricted to death by a ball python

Vanquished Creatures
  An endoplasm (D:1)
  A goblin (D:1)
  2 hobgoblins (D:1)
  3 ball pythons (D:1)
  3 bats (D:1)
  3 frilled lizards (D:1)
  2 kobolds (D:1)
  2 rats (D:1)
17 creatures vanquished.

Table legend:
 A = Non-vault XP
 B = Vault XP
 C = Vault XP percentage of total XP
 D = Non-vault monster count
 E = Vault monster count
 F = Vault count percentage of total count
                 A         B        C        D         E       F
            +---------+---------+-------+---------+---------+-------
      Total |      23 |       0 |   0.0 |      17 |       0 |   0.0
            +---------+---------+-------+---------+---------+-------
        D:1 |      23 |       0 |   0.0 |      17 |       0 |   0.0
            +---------+---------+-------+---------+---------+-------

Skill      XL: |  1  2 |
---------------+-------+-----
Staves         | 3 |  3.0
Dodging        | 3 |  3.0
Fighting       | |  2.3
Throwing       | |  1.7

Action                     || total
---------------------------++-------
  Melee: Quarterstaff      ||    35
   Stab: Sleeping          ||     1
 Armour: Leather armour    ||    37
  Dodge: Dodged            ||    22

Illustrated notes

Table legend:
 A = Kills in this place as a percentage of kills in the entire game.
 B = Kills by you in this place as a percentage of kills by you in the entire game.
 C = Kills by friends in this place as a percentage of kills by friends in the entire game.
 D = Other kills in this place as a percentage of other kills in the entire game.
 E = Experience gained in this place as a percentage of experience gained in the entire game.
 F = Experience gained in this place divided by the number of levels of this place that you have seen.
                   A       B       C       D       E      F
               +-------+-------+-------+-------+-------+----------------------
         Total | 100.0 | 100.0 |   N/A |   N/A | 100.0 |  11.5
       Dungeon | 100.0 | 100.0 |   N/A |   N/A | 100.0 |  11.5
               +-------+-------+-------+-------+-------+----------------------

Table legend: (Time is in decaauts)
 A = Elapsed time spent in this place.
 B = Non-inter-level travel time spent in this place.
 C = Inter-level travel time spent in this place.
 D = Time resting spent in this place.
 E = Time spent auto-exploring this place.
 F = Levels seen in this place.
 G = Mean time per level.
                   A        B        C        D        E       F      G
               +--------+--------+--------+--------+--------+-----+--------+
         Total |    814 |    804 |     10 |      0 |    664 |   2 |  407.0 |
       Dungeon |    814 |    804 |     10 |      0 |    664 |   2 |  407.0 |
               +--------+--------+--------+--------+--------+-----+--------+

Top non-repeatable levels by time:
     D:1: 804 daAuts
     D:2: 10 daAuts
